 Dungeon Crawl Stone Soup version 0.30.1-4-g462c640d31 (webtiles) character file.

Game seed: 10934123063438526911

554 H0rd4k the Insei (level 7, -2/67 HPs)
             Began as an Octopode Artificer on Aug 18, 2023.
             Slain by a wraith (13 damage)
             ... in an ossuary.
             The game lasted 00:04:42 (3619 turns).

H0rd4k the Insei (Octopode Artificer)               Turns: 3619, Time: 00:04:43

Health: -2/67      AC:  1    Str: 12    XL:     7   Next: 30%
Magic:  7/7        EV: 14    Int: 15    God:
Gold:   135        SH:  0    Dex: 12    Spells: 6/6 levels left

rFire   + .          .
                       - Unarmed
rCold   + + .        (no shield)
rNeg    . . .        (helmet restricted)
rPois   +            (no amulet)
rElec   +            p - ring of protection from cold
rCorr   +            (no ring)
SInv    .            (no ring)
Will    .....        (no ring) Stlth
                     (no ring)
HPRegen 0.31/turn    (no ring)
MPRegen 0.10/turn    (no ring)
                     (no ring)

%: no passive effects
@: brilliant, berserking (expiring), resistant, attractive, flying, slowed,
silenced, invisible
A: almost no armour, amphibious, 8 rings, camouflage 1, gelatinous body 1,
(nimble swimmer 1), tentacles
a: no special abilities


You were in an ossuary.
You visited 1 branch of the dungeon, and saw 5 of its levels.
You also visited: Ossuary.

You collected 135 gold pieces.

Inventory:

Missiles
 j - 21 poisoned darts
Jewellery
 p - a ring of protection from cold (left tentacle)
Wands
 b - a wand of flame (4) (quivered)
 c - a wand of charming (10)
 d - a wand of iceblast (3)
Scrolls
 a - 2 scrolls of torment {unknown}
 h - 2 scrolls of teleportation {unknown}
 l - a scroll of blinking {unknown}
 m - a scroll of identify {unknown}
 o - a scroll of silence {unknown}
 q - a scroll of poison {unknown}
Potions
 e - a potion of invisibility
 g - a potion of brilliance
 i - a potion of resistance
 n - a potion of curing {unknown}


   Skills:
 + Level 2.1 Fighting
 + Level 4.1 Dodging
 - Level 1.3 Stealth
 + Level 5.1 Unarmed Combat
 + Level 5.0 Evocations


You had 6 spell levels left.
You didn't know any spells.
Your spell library contained the following spells:

 Spells                   Type           Power      Damage    Failure   Level
 Cigotuvi's Dreadful Rot  Necr/Pois/Air  0%         N/A       38%         2
 Ignite Poison            Fire/Tmut/Pois 0%         N/A       63%         3
 Freezing Cloud           Conj/Ice/Air   0%         6-21      100%        5


Dungeon Overview and Level Annotations

Branches:
Dungeon (5/15)            Ossuary (1/1)
 Temple: D:4-7

Altars:

Annotations:
D:2 Terence


Innate Abilities, Weirdness & Mutations

You cannot wear most types of armour.
You are amphibious.
You can wear up to eight rings at the same time.
Your skin changes colour to match your surroundings (Stealth+).
Your rubbery body absorbs attacks. (AC +1, EV +1)
((You are camouflaged when in or above water. (Stealth+)))
You have tentacles for arms and can constrict up to eight enemies at once.


Message History

The wraith hits you! The wraith drains your vigour!
You feel yourself slow down.
It was a potion of invisibility.
You fade into invisibility!
The wraith misses you.
It was a potion of attraction.
You feel attractive to monsters. The wraith completely misses you.
The wraith closely misses you.
It was a potion of resistance.
You feel protected. The wraith hits you! The wraith drains your vigour!
You feel as though you will be slow longer.
It was a potion of flight.
You feel very buoyant.
You fly up into the air.
The wraith completely misses you. The wraith hits you but does no damage.
It was a potion of berserk rage.
A red film seems to cover your vision as you go berserk!
You feel yourself moving faster!
You feel mighty! The wraith hits you! The wraith drains your vigour!
You feel as though you will be slow longer.
You completely miss the wraith. Your squeeze misses the wraith.
The wraith hits you!
* * * LOW HITPOINT WARNING * * *
You completely miss the wraith. The wraith closely misses you.
You tentacle-slap the wraith.
The wraith is lightly damaged.
The wraith closely misses you.
You tentacle-slap the wraith but do no damage.
You squeeze the wraith, but do no damage.
The wraith is lightly damaged.
The wraith misses you.
You are too berserk!
You tentacle-slap the wraith.
The wraith is moderately damaged.
The wraith closely misses you.
You bludgeon the wraith!
The wraith is heavily damaged.
The wraith hits you!
You die...

#'''# #'''# ###...# ?###!
#...### #.....## ?∩$
##.....# #......# ???
#......# #......## !$?
##......# #.......## #.#
##.......#
#....8...####.####...8....#
#...8#8....##W##....8#8...#
#....8......#@#......8....#
#.............#...........#
##............#..........##
##...........#.........##
##..........#........##
############'''######
#∩....# #∩....# #######


You could see a wraith.

Vanquished Creatures
  A water moccasin zombie (Ossuary)
  3 centaur zombies (Ossuary)
  2 bullfrog zombies (Ossuary)
  A jelly (D:5)
  An orc priest (D:3)
  A scorpion zombie (Ossuary)
  Natasha (thrice) (D:3)
  2 ogre zombies (Ossuary)
  2 adders
  An ufetubus (D:5)
  2 adder zombies (Ossuary)
  3 worms (D:2)
  3 dart slugs
  4 orcs
  6 ball pythons
  A bat (D:2)
  2 endoplasms
  2 giant cockroaches
  A gnoll zombie (Ossuary)
  6 goblins
  2 hobgoblins
  7 jackals (D:4)
  9 kobolds
  A quokka (D:2)
  5 frilled lizards
  4 goblin zombies (Ossuary)
  4 orc zombies (Ossuary)
  4 rats
83 creatures vanquished.

Vanquished Creatures (collateral kills)
  A hound (D:4)
  2 orcs (D:4)
  A goblin zombie (Ossuary)
4 creatures vanquished.

Vanquished Creatures (others)
  A scorpion (D:4)
1 creature vanquished.

Grand Total: 88 creatures vanquished

Notes
Turn   | Place    | Note
-------+----------+-------------------------------------------
     0 | D:1      | H0rd4k the Octopode Artificer began the quest for the Orb.
     0 | D:1      | Reached XP level 1. HP: 13/13 MP: 1/1
   372 | D:1      | Reached XP level 2. HP: 18/18 MP: 2/2
   996 | D:2      | Reached XP level 3. HP: 16/23 MP: 3/3
  1490 | D:2      | Noticed Terence
  1826 | D:3      | Reached skill level 1 in Unarmed Combat
  1826 | D:3      | Reached XP level 4. HP: 20/28 MP: 4/4
  1891 | D:3      | Noticed Natasha
  1897 | D:3      | Killed Natasha
  2153 | D:3      | Noticed Natasha
  2160 | D:3      | Killed Natasha
  2161 | D:3      | Reached XP level 5. HP: 33/33 MP: 5/5
  2653 | D:3      | Noticed Natasha
  2657 | D:3      | Killed Natasha
  2690 | D:4      | You fall into a shaft and drop 1 floor!
  2690 | D:5      | Entered Level 5 of the Dungeon
  2761 | D:4      | Found a sand-covered staircase.
  2778 | D:4      | Reached XP level 6. HP: 31/38 MP: 6/6
  2846 | Ossuary  | Entered an ossuary
  3307 | Ossuary  | Reached skill level 5 in Evocations
  3325 | Ossuary  | Reached XP level 7. HP: 14/44 MP: 7/7
  3579 | Ossuary  | Reached skill level 5 in Unarmed Combat
  3606 | Ossuary  | Noticed a wraith
  3619 | Ossuary  | Slain by a wraith

Illustrated notes

Levels and vault maps discovered:
D:1:      tekkud_arrival_beachfront_property, layout_loops_ring,
          minmay_misc_feat_tower, lexackson_kobold_supper
D:2:      layout_basic, uniq_terence
D:3:      layout_rooms, kennysheep_potato, uniq_natasha
D:4:      layout_loops_ring, nicolae_ossuary_entry_monument, due_unseen_surprise
D:5:      layout_basic
Ossuary:  ossuary_hellmonk_silent_tomb

Skill      XL: |  1  2  3  4  5  6  7 |
---------------+----------------------+-----
Evocations     | 4 5 |  5.0
Dodging        | 3 4 |  4.1
Unarmed Combat | 1 2 3 4 5 |  5.1
Fighting       | 2 |  2.1
Stealth        | |  1.3

Action                     |  1- 3 |  4- 6 |  7- 9 || total
---------------------------+-------+-------+-------++-------
  Melee: Unarmed           |    97 |   120 |    25 ||   242
         Constrict         |    28 |    30 |     3 ||    61
         Tentacles         |    23 |    30 |     7 ||    60
         Punch             |     2 |     5 |     1 ||     8
  Evoke: Wand              |     4 |    14 |       ||    18
    Use: Potion            |       |       |     6 ||     6
   Stab: Sleeping          |     3 |     1 |     1 ||     5
 Armour: Skin              |    13 |     7 |     3 ||    23
  Dodge: Dodged            |    46 |    95 |    34 ||   175
